 Dungeon Crawl Stone Soup version 0.17-a0-2127-g1cb09f6 (webtiles) character file.

29270 Ordine the Cruncher (level 13, -4/177 HPs)
             Began as a Minotaur Gladiator on Oct 22, 2015.
             Was a Priest of Ru.
             Slain by Ordine's ghost (22 damage)
             ... on level 5 of the Lair of Beasts.
             The game lasted 00:50:23 (16988 turns).

Ordine the Cruncher (Minotaur Gladiator)           Turns: 16988, Time: 00:50:23

Health: -4/177     AC: 17    Str: 24    XL:     13   Next: 14%
Magic:  12/12      EV: 10    Int:  7    God:    Ru [***...]
Gold:   847        SH:  0    Dex: 17    Spells: 1 memorised, 9 levels left

rFire  . . .     SeeInvis .     F - +3 quarterstaff (crush)
rCold  . . .     Clarity  .     I - +0 chain mail {rPois}
rNeg   + . .     SustAt   .     (no shield)
rPois  +         Gourm    .     c - +0 hat
rElec  .         Spirit   .     y - +1 cloak
rCorr  .         Warding  +     h - +1 pair of gloves
rMut   .         Rnd*Tele +     (no boots)
MR     .....                    m - amulet of warding
Stlth  ..........               (no ring)
                                k - ring of flight

@: berserking, very quick, not resistant to hostile enchantments, extremely
unstealthy
A: retaliatory headbutt, horns 2, iridescent scales 1, blurry vision 1, clever
1, deformed body, teleportitis 1, no air magic, no hexes magic, no
translocations magic, slow reflexes 2
a: Draw Out Power, Renounce Religion, Evoke Flight


You were on level 5 of the Lair of Beasts.
You worshipped Ru.
Ru was most pleased with you.
You were not hungry.

You visited 3 branches of the dungeon, and saw 15 of its levels.
You also visited: Volcano.

You collected 847 gold pieces.

Inventory:

Hand Weapons
 F - a +3 quarterstaff of crushing (weapon)
Missiles
 r - 3 throwing nets (quivered)
Armour
 c - a +0 hat (worn)
 h - a +1 pair of gloves (worn)
 u - a troll hide {Snorg}
 y - a +1 cloak (worn)
 I - a +0 chain mail of poison resistance (worn)
Jewellery
 k - a ring of flight (left hand)
 m - an amulet of warding (around neck)
Wands
 d - a wand of disintegration (2)
 t - a wand of paralysis (7)
 x - a wand of digging (14)
Scrolls
 a - a scroll of magic mapping
 i - a scroll of blinking
 p - 2 scrolls of teleportation
 v - 2 scrolls of recharging
 B - 4 scrolls of remove curse
 C - a scroll of identify
Potions
 b - 4 potions of curing
 f - 3 potions of might
 g - a potion of haste
 o - 2 potions of agility
 s - a potion of flight
Books
 j - a Grand Grimoire

   Spells                             Type                      Level
   a - Monstrous Menagerie            Summoning                    6
   b - Summon Greater Demon           Summoning                    7
   c - Malign Gateway                 Summoning/Translocation      7
   d - Summon Horrible Things         Summoning                    8
 l - a book of the Earth

   Spells                             Type                      Level
   a - Leda's Liquefaction            Hexes/Earth                  4
   b - Bolt of Magma                  Conjuration/Fire/Earth       5
   c - Statue Form                    Transmutation/Earth          6
   d - Iron Shot                      Conjuration/Earth            6
   e - Shatter                        Earth                        9
 D - an Akashic Record

   Spells                             Type                      Level
   a - Dispersal                      Translocation                6
   b - Malign Gateway                 Summoning/Translocation      7
   c - Disjunction                    Translocation                8
   d - Controlled Blink               Translocation                8
Comestibles
 n - a beef jerky
 q - a bread ration
 w - 7 chunks of flesh
 z - 3 meat rations
 A - a slice of pizza


   Skills:
 + Level 12.2 Fighting
 - Level 14.0 Staves
 - Level 2.0 Throwing
 + Level 12.1 Armour
 + Level 11.6 Dodging
 + Level 6.1 Earth Magic


You had 9 spell levels left.
You knew the following spells:

 Your Spells              Type           Power        Failure   Level  Hunger
a - Stone Arrow           Conj/Erth      #.....       99%         3    ####...


Dungeon Overview and Level Annotations

Branches:
Dungeon (9/15)             Temple (1/1) D:7            Lair (5/8) D:9
 Shoals (0/4) Lair:4        Snake (0/4) Lair:4
    Orc: D:9-12

Altars:
Ashenzari
Cheibriados
Dithmenos
Elyvilon
Fedhas
Gozag
Kikubaaqudgha
Makhleb
Nemelex Xobeh
Okawaru
Qazlal
Ru
Sif Muna
Trog
Vehumet
Xom
Yredelemnul
Zin
The Shining One

Annotations:
Lair:5 Ordine's ghost, journeyman MiGl


Innate Abilities, Weirdness & Mutations

You reflexively headbutt those who attack you in melee.
You have a pair of horns on your head.
You cannot study or cast Air magic.
You cannot study or cast Hexes magic.
You cannot study or cast Translocations magic.
You have slow reflexes. (-6 EV)
You are partially covered in iridescent scales (AC +4).
Scrolls take you a little longer to read.
Your mind is acute. (Int +2)
Armour fits poorly on your strangely shaped body.
You are occasionally teleported to nearby monsters.


Message History

You are too injured to fight recklessly!
You are too injured to fight recklessly!
You are too injured to fight recklessly!
Drink which item? (? for menu, Esc to quit)
A red film seems to cover your vision as you go berserk!
You feel yourself moving faster!
You feel mighty! Ordine's ghost hits you!!
* * * LOW HITPOINT WARNING * * *
Unknown command.
You hit Ordine's ghost but do no damage.
Your headbutt misses Ordine's ghost.
Ordine's ghost is lightly damaged.
You hit Ordine's ghost but do no damage.
Ordine's ghost is lightly damaged.
Ordine's ghost hits you but does no damage.
You sock Ordine's ghost!
Ordine's ghost is moderately damaged.
You hit Ordine's ghost.
Ordine's ghost is moderately damaged.
Ordine's ghost hits you!!
You die...

####.....P.........#
###....#.....#.....#
.###...##.....#....#
.##................#
.##....##..........#
###....## ....#...##
###....P# ...#.....#
##.#....# ...##...##
####....# .. #†@.#
P#.#...## #..W.#
##......# ...#...#
P###...##.........#
.#.#....##........#
.P.....##P........#
......<...........#
...................
..............


You could see Ordine's ghost.

Vanquished Creatures
  A red draconian (Volcano)
  Snorg (Lair:4)
  3 hydras
  Erica (Lair:2)
  Sonja (Lair:2)
  Nergalle (Lair:4)
  2 griffons (Lair:2)
  6 spiny frogs
  A black mamba (Lair:3)
  4 komodo dragons
  2 fire drakes (Lair:3)
  A merfolk (Lair:4)
  10 blink frogs
  3 two-headed ogres (Volcano)
  A snapping turtle (Lair:4)
  A spriggan (D:8)
  34 yaks
  A hungry ghost (D:8)
  10 hippogriffs
  3 nagas (Lair:4)
  14 wolves
  2 steam dragons (Lair:4)
  2 basilisks
  A deep elf fighter (Volcano)
  9 porcupines
  2 orc warriors
  A black bear (D:8)
  12 water moccasins
  2 ogres (D:7)
  4 sky beasts
  A phantom (D:9)
  11 crocodiles
  2 big kobolds (D:9)
  2 centaurs
  12 giant frogs
  9 killer bees
  2 scorpions
  5 wights (D:7)
  4 electric eels (Lair:4)
  4 crimson imps
  A jelly (D:8)
  A centaur zombie (D:8)
  2 orc priests
  4 hounds
  Crazy Yiuf (D:6)
  5 orc wizards
  5 iguanas
  6 worker ants
  A killer bee zombie (D:7)
  7 sheep (Lair:2)
  A hound zombie (D:8)
  A hound skeleton (D:8)
  2 worker ant zombies
  8 gnolls
  64 river rats
  8 adders
  2 worms (D:3)
  26 orcs
  A ball python (D:3)
  5 giant cockroaches
  6 goblins
  9 hobgoblins
  12 jackals
  11 kobolds
  7 quokkas
  4 bats
  5 giant geckos
  5 giant newts
  A jackal skeleton (D:3)
  4 rats
  2 fungi (Lair:2)
  A plant (Lair:3)
406 creatures vanquished.

Vanquished Creatures (others)
  A spiny frog (Lair:2)
  6 fungi
  A plant (Lair:2)
8 creatures vanquished.

Grand Total: 414 creatures vanquished

Notes
Turn   | Place    | Note
--------------------------------------------------------------
     0 | D:1      | Ordine the Minotaur Gladiator began the quest for the Orb.
     0 | D:1      | Reached XP level 1. HP: 18/18 MP: 0/0
   307 | D:1      | Reached skill level 4 in Staves
   364 | D:1      | Reached XP level 2. HP: 22/25 MP: 1/1
   772 | D:2      | Found a shattered altar of Ashenzari.
   778 | D:2      | Reached skill level 5 in Staves
   778 | D:2      | Reached XP level 3. HP: 25/30 MP: 2/2
   860 | D:2      | Found a shimmering altar of Xom.
   860 | D:2      | Found a snail-covered altar of Cheibriados.
  1380 | D:3      | Found a white marble altar of Elyvilon.
  1595 | D:3      | Reached skill level 6 in Staves
  1595 | D:3      | Reached XP level 4. HP: 13/37 MP: 3/3
  2189 | D:3      | Reached skill level 7 in Staves
  2189 | D:3      | Reached XP level 5. HP: 37/42 MP: 4/4
  2655 | D:4      | Reached skill level 8 in Staves
  3104 | D:4      | Reached XP level 6. HP: 44/50 MP: 5/5
  3390 | D:5      | Entered Level 5 of the Dungeon
  3752 | D:5      | Reached skill level 9 in Staves
  3930 | D:5      | Learned a level 3 spell: Stone Arrow
  4622 | D:6      | Reached XP level 7. HP: 54/56 MP: 6/6
  4802 | D:6      | Reached skill level 10 in Staves
  5294 | D:6      | Gained mutation: Scrolls take you a little longer to read. [mutagenic meat]
  5295 | D:6      | Gained mutation: You are resistant to hostile enchantments. [mutagenic meat]
  5296 | D:6      | Gained mutation: You can spit weak poison. [mutagenic meat]
  5395 | D:6      | Noticed Crazy Yiuf
  5403 | D:6      | Killed Crazy Yiuf
  5403 | D:6      | Reached skill level 11 in Staves
  5583 | D:7      | Reached XP level 8. HP: 44/62 MP: 7/7
  5772 | D:7      | Found a staircase to the Ecumenical Temple.
  5796 | D:7      | Reached skill level 12 in Staves
  5840 | Temple   | Entered the Ecumenical Temple
  5909 | Temple   | Became a worshipper of Ru the Awakened
  6031 | D:7      | Got a jewelled spear
  6032 | D:7      | Identified the +10 spear of Orummij {venom, rC+} (You found it on level 7 of the Dungeon)
  6253 | D:7      | Reached skill level 13 in Staves
  6331 | D:7      | Gained mutation: You are partially covered in iridescent scales (AC +4). [mutagenic meat]
  6333 | D:7      | Gained mutation: Armour fits poorly on your strangely shaped body. [mutagenic meat]
  6334 | D:7      | Gained mutation: Your mind is acute. (Int +2) [mutagenic meat]
  6336 | D:7      | Gained mutation: Your magical capacity is low (-10% MP). [mutagenic meat]
  6391 | D:7      | Found a basalt altar of Yredelemnul.
  6469 | D:8      | Reached XP level 9. HP: 65/68 MP: 7/7
  6478 | D:8      | Lost mutation: You can spit weak poison. [mutagenic meat]
  6479 | D:8      | Gained mutation: You have large cloven feet. [mutagenic meat]
  6480 | D:8      | Lost mutation: You have large cloven feet. [mutagenic meat]
  6481 | D:8      | Gained mutation: You are occasionally teleported to nearby monsters. [mutagenic meat]
  6622 | D:8      | Reached skill level 14 in Staves
  6666 | D:8      | Found an iron altar of Okawaru.
  6796 | D:8      | Reached skill level 1 in Armour
  6849 | D:8      | Identified a scroll of acquirement
  6949 | D:8      | Reached skill level 1 in Earth Magic
  7258 | D:8      | Gained mutation: You have somewhat slow reflexes. (-3 EV) [Ru sacrifice]
  7258 | D:8      | Reached * piety under Ru
  7489 | D:9      | Found an opulent altar of Gozag.
  7520 | D:9      | Found a staircase to the Lair.
  7541 | D:9      | Reached skill level 5 in Dodging
  7895 | D:9      | Reached skill level 5 in Fighting
  8217 | Lair:1   | Entered Level 1 of the Lair of Beasts
  8283 | Lair:1   | Reached XP level 10. HP: 59/81 MP: 8/8
  8712 | Lair:1   | Reached skill level 5 in Armour
  9287 | Lair:1   | Gained mutation: You cannot study or cast Air magic. [Ru sacrifice]
  9287 | Lair:1   | Gained mutation: You cannot study or cast Hexes magic. [Ru sacrifice]
  9287 | Lair:1   | Gained mutation: You cannot study or cast Translocations magic. [Ru sacrifice]
  9287 | Lair:1   | Reached ** piety under Ru
  9733 | Lair:2   | Noticed a griffon
  9748 | Lair:2   | Killed a griffon
  9911 | Lair:2   | Noticed Sonja
  9921 | Lair:2   | Noticed Erica
  9938 | Lair:2   | Killed Erica
 10194 | Lair:1   | Noticed a six-headed hydra
 10206 | Lair:1   | Killed a six-headed hydra
 10206 | Lair:1   | Reached XP level 11. HP: 45/94 MP: 8/8
 10575 | Lair:2   | Lost mutation: Your magical capacity is low (-10% MP). [potion of mutation]
 10575 | Lair:2   | Lost mutation: You are resistant to hostile enchantments. [potion of mutation]
 10661 | Lair:2   | Killed Sonja
 11448 | Lair:2   | Noticed a five-headed hydra
 11458 | Lair:2   | Killed a five-headed hydra
 11858 | Lair:2   | Reached skill level 10 in Fighting
 12525 | Lair:2   | Reached skill level 10 in Armour
 12596 | Lair:2   | Noticed a griffon
 12603 | Lair:2   | Killed a griffon
 12603 | Lair:2   | Reached skill level 10 in Dodging
 12729 | Lair:1   | Reached XP level 12. HP: 50/107 MP: 11/11
 13426 | Lair:3   | Found a dark tunnel.
 13494 | Volcano  | Entered a volcano
 13498 | Volcano  | Noticed a red draconian
 13529 | Volcano  | Killed a red draconian
 14444 | Lair:3   | Reached skill level 5 in Earth Magic
 15209 | Lair:4   | Found a staircase to the Snake Pit.
 15267 | Lair:4   | Noticed Snorg
 15275 | Lair:4   | Killed Snorg
 15812 | Lair:4   | Noticed a four-headed hydra
 15824 | Lair:4   | Killed a four-headed hydra
 15824 | Lair:4   | Reached XP level 13. HP: 91/118 MP: 12/12
 15953 | Lair:4   | Found a staircase to the Shoals.
 16611 | Lair:4   | Noticed Nergalle
 16625 | Lair:4   | Killed Nergalle
 16862 | Lair:5   | Gained mutation: You have slow reflexes. (-6 EV) [Ru sacrifice]
 16862 | Lair:5   | Reached *** piety under Ru
 16969 | Lair:5   | Noticed Ordine's ghost (journeyman MiGl)
 16988 | Lair:5   | Slain by Ordine's ghost

Vault maps used:
D:1:      matt_arrival_diagonals, st_stairs_9
D:2:      gammafunk_temple_overflow_wave, corexii_corridor_pit,
          ashenzari_altar_1
D:3:      elyvilon_altar_1
D:4:      first_bread, kennysheep_boxes
D:6:      uniq_crazy_yiuf_cottage
D:7:      kennysheep_mini_moat
D:8:      okawaru_altar_gauntlet_db, the_bakery
D:9:      nicolae_gozag_seed_capital, dpeg_lair_monsters
Temple:   circular_temple_12
Lair:1:   grunt_forest_small_clearing_treed
Lair:2:   forest_paths, nicolae_quartered_pool_medium,
          infiniplex_staircase_pool_2, uniq_erica, uniq_sonja
Lair:3:   enter_volcano_1, hibernation_bobbens, infiniplex_staircase_pool
Lair:4:   elwin_shoals_entry_rooms, guppyfry_snake_entry_garden, st_stairs_10,
          disabler_island, uniq_nergalle, uniq_snorg
Lair:5:   special_room
Volcano:  volcano_caves

Action                   |  1- 3 |  4- 6 |  7- 9 | 10-12 | 13-15 || total
-------------------------+-------+-------+-------+-------+-------++-------
Melee: Quarterstaff      |    75 |   159 |   322 |   825 |    96 ||  1477
Throw: Throwing net      |       |       |     2 |     3 |       ||     5
Invok: Sacrifice Health  |       |       |     1 |       |     1 ||     2
       Sacrifice Arcana  |       |       |       |     1 |       ||     1
       Reject Sacrifices |       |       |       |     1 |       ||     1
Evoke: Wand              |       |       |       |    10 |     3 ||    13
  Use: Scroll            |     4 |     5 |     6 |     5 |     1 ||    21
       Potion            |       |     9 |    12 |    11 |     1 ||    33
 Stab: Distracted        |       |       |     1 |     2 |       ||     3
       Paralysed         |       |       |       |     5 |       ||     5
  Eat: Chunk             |     2 |     9 |    27 |    26 |     2 ||    66
       Fruit             |       |     1 |       |       |       ||     1
       Royal jelly       |       |       |     1 |       |       ||     1
       Pizza             |       |       |       |       |     1 ||     1
